 Dungeon Crawl Stone Soup version 0.29.1-12-g30fa7ad0bf (webtiles) character file.

Game seed: 13206785033325899481

158 DoIIoM the Sneak (level 5, 0/34 HPs)
             Began as an Octopode Fire Elementalist on Jan 15, 2023.
             Slain by Crazy Yiuf
             ... wielding a +2 quarterstaff of chaos
              (10 damage)
             ... on level 3 of the Dungeon.
             The game lasted 00:04:38 (2525 turns).

DoIIoM the Sneak (Octopode Fire Elementalist)       Turns: 2525, Time: 00:04:39

Health: 0/34       AC:  1    Str:  7    XL:     5   Next: 40%
Magic:  8/9        EV: 13    Int: 19    God:
Gold:   115        SH:  0    Dex: 13    Spells: 8/9 levels left

rFire   . . .      SeeInvis .   i - +2 dagger (venom)
rCold   . . .      Faith    .   (no shield)
rNeg    . . .      Spirit   .   (helmet restricted)
rPois   .          Reflect  .   (no amulet)
rElec   .          Harm     .   (no ring)
rCorr   .          Rampage  .   (no ring)
Will    .....                   (no ring)
Stlth   ++++......              (no ring)
HPRegen 0.11/turn               (no ring)
MPRegen 0.11/turn               (no ring)
                                (no ring)
                                (no ring)

@: no status effects
A: almost no armour, amphibious, 8 rings, camouflage 1, gelatinous body 1,
(nimble swimmer 1), tentacles
a: no special abilities


You were on level 3 of the Dungeon.
You visited 1 branch of the dungeon, and saw 3 of its levels.

You collected 115 gold pieces.

Inventory:

Hand Weapons
 d - a +0 long sword
 i - a +2 dagger of venom (weapon)
Jewellery
 g - an amulet of faith
Scrolls
 c - 2 scrolls of vulnerability
 e - a scroll of identify
 h - a scroll of poison {unknown}
 j - a scroll of teleportation {unknown}
 k - a scroll of immolation {unknown}
Potions
 a - a potion of magic
 b - a potion of lignification
 f - a potion of curing {unknown}


   Skills:
 + Level 2.0 Fighting
 - Level 2.0 Dodging
 + Level 4.2 Stealth
 + Level 2.7 Spellcasting
 + Level 2.3 Conjurations
 + Level 3.7 Fire Magic


You had 8 spell levels left.
You knew the following spells:

 Your Spells              Type           Power      Damage    Failure   Level
a - Foxfire               Conj/Fire      56%        2x1d6     4%          1

Your spell library contained the following spells:

 Spells                   Type           Power      Damage    Failure   Level
 Scorch                   Fire           32%        2d6       4%          2
 Conjure Flame            Conj/Fire      14%        6-21      14%         3
 Sting                    Tmut/Pois      8%         1d3       16%         1
 Inner Flame              Hex/Fire       9%         N/A       22%         3
 Poisonous Vapours        Pois/Air       4%         N/A       24%         2
 Ignite Poison            Fire/Tmut/Pois 7%         N/A       28%         3
 Mephitic Cloud           Conj/Pois/Air  5%         N/A       34%         3
 Flame Wave               Conj/Fire      14%        2d6       41%         4
 Sticky Flame             Conj/Fire      14%        2d4       41%         4
 Olgreb's Toxic Radiance  Pois           2%         N/A       83%         4
 Freezing Cloud           Conj/Ice/Air   2%         6-21      97%         5


Dungeon Overview and Level Annotations

Branches:
Dungeon (3/15)

Altars:

Shops:
D:2 ?

Annotations:
D:2 Sigmund
D:3 Crazy Yiuf


Innate Abilities, Weirdness & Mutations

You cannot wear most types of armour.
You are amphibious.
You can wear up to eight rings at the same time.
Your skin changes colour to match your surroundings (Stealth+).
Your rubbery body absorbs attacks. (AC +1, EV +1)
((You are camouflaged when in or above water. (Stealth+)))
You have tentacles for arms and can constrict up to eight enemies at once.


Message History

No target in view!
No target in view!
No target in view!
An orc comes into view. It is wielding a +0 hand axe.
An orc is nearby!
The helpless orc fails to defend itself.
You impale the orc!!
You kill the orc!
No target in view!
No target in view!
No target in view!
No target in view!
No target in view!
No target in view!
You see here a +0 hand axe.
You now have 115 gold pieces (gained 13).
There is an open door here.
You open the door.
There is an open translucent door here.
Crazy Yiuf shouts!
You hit Crazy Yiuf. You grab Crazy Yiuf.
You tentacle-slap Crazy Yiuf, but do no damage.
Crazy Yiuf is lightly wounded.
You constrict Crazy Yiuf.
Crazy Yiuf hits you with a +2 quarterstaff of chaos!
You hit Crazy Yiuf.
Crazy Yiuf is moderately wounded.
You constrict Crazy Yiuf.
Crazy Yiuf hits you with a +2 quarterstaff of chaos!
Crazy Yiuf freezes you.
* * * LOW HITPOINT WARNING * * *
Unknown command.
You are too injured to fight recklessly!
Unknown command.
Casting: Foxfire (safe; 4% risk of failure)
Confirm with . or Enter, or press ? or * to list all spells.
You conjure some foxfire!
You constrict Crazy Yiuf.
Crazy Yiuf yells, "Announcement aubergine pontify!"
Crazy Yiuf hits you with a +2 quarterstaff of chaos!
You die...

#
#...........'.............
#
#..##.......########....##
# #..##...#####
#........'. # #..#.####
######...## ########..#.#
#...# ..........#.#
♣♣♣♣♣##...# #########.#.#
#####♣♣♣.♣.P.#...# #.#.#
#...#♣..♣.P.....##
####.#.# #.@v'.♣♣♣♣.P....#
#....#.# #g.v#♣♣ ♣♣P.#.##
#....#.# ##### ♣♣####
#....#.# ###....#.# ######
#......#.##############
#)....
#.######..............#
######
#.#....#....#######.#.#
#.#...............#.#)#


You could see Crazy Yiuf (ally target).

Vanquished Creatures
  An orc priest (D:3)
  Jessica (D:3)
  An orc wizard (D:3)
  3 adders
  6 orcs (D:3)
  8 bats
  3 endoplasms
  A giant cockroach (D:1)
  A goblin (D:2)
  5 hobgoblins
  2 quokkas
  4 ball pythons
  2 frilled lizards (D:1)
  4 kobolds
  5 rats
47 creatures vanquished.

Vanquished Creatures (others)
  23 foxfires
  A fungus (D:1)
  A plant (D:1)
25 creatures vanquished.

Grand Total: 72 creatures vanquished

Notes
Turn   | Place    | Note
-------+----------+-------------------------------------------
     0 | D:1      | DoIIoM the Octopode Fire Elementalist began the quest for
                  | the Orb.
     0 | D:1      | Reached XP level 1. HP: 11/11 MP: 3/3
   175 | D:1      | Reached XP level 2. HP: 17/18 MP: 5/5
   184 | D:1      | Reached skill level 3 in Stealth
   796 | D:1      | Found a faded altar of an unknown god.
   966 | D:2      | Reached skill level 1 in Fighting
   966 | D:2      | Reached XP level 3. HP: 23/23 MP: 1/6
  1019 | D:2      | Found Utoqusch's Magic Scroll Shoppe.
  1023 | D:2      | Noticed Sigmund
  1571 | D:3      | Reached XP level 4. HP: 28/28 MP: 1/7
  1647 | D:3      | Noticed Jessica
  1650 | D:3      | Killed Jessica
  1678 | D:3      | Reached skill level 4 in Stealth
  1678 | D:3      | Reached XP level 5. HP: 23/34 MP: 7/9
  2112 | D:3      | Found a runed translucent door.
  2113 | D:3      | Noticed Crazy Yiuf
  2525 | D:3      | Slain by Crazy Yiuf

Illustrated notes

Levels and vault maps discovered:
D:1:      wander_arrival_fairy_ring, layout_rooms,
          dreamdust_ecumenical_altar_grove
D:2:      layout_rooms, basic_altar, serial_shops, nicolae_shop_crystal,
          kennysheep_nondescript, minmay_vboxes, uniq_sigmund
D:3:      layout_basic, minmay_misc_feat_rows, uniq_jessica,
          uniq_crazy_yiuf_cottage

Skill      XL: |  1  2  3  4  5 |
---------------+----------------+-----
Stealth        | 3 4 |  4.2
Fighting       | 1 2 |  2.0
Conjurations   | 2 |  2.3
Dodging        | |  2.0
Spellcasting   | |  2.7
Fire Magic     | |  3.7

Action                   |  1- 3 |  4- 6 || total
-------------------------+-------+-------++-------
Melee: Long sword        |    52 |     1 ||    53
       Constrict         |    13 |     8 ||    21
       Unarmed           |     4 |       ||     4
       Tentacles         |     6 |     3 ||     9
       Punch             |     1 |     1 ||     2
       Dagger            |       |    22 ||    22
 Cast: Foxfire           |    15 |     2 ||    17
  Use: Scroll            |     2 |       ||     2
 Stab: Sleeping          |    10 |     6 ||    16
Armor: Skin              |     9 |       ||     9
Dodge: Dodged            |    26 |     8 ||    34
